AoeStats
← xiscosb

MegaRandom

507305038Analyzed
2v2 RM · 15d ago on Sep 17, 2026· 35m 51s· 4 players
Game mode
Random Map
Map size
Medium (4 player)
Population
200
Speed
Normal
Resources
Standard
Victory
Conquest
Starting age
Dark Age
Ending age
Imperial Age
RankedLock teamsTeams togetherTeam positionsShared explorationLock speedFull tech treeHidden civsTurbo modeCheats
Victory
Defeat
🇪🇸 Franks · Spain
798
+16
🇪🇸 Goths · Spain
757
+18
🇪🇸 Italians · Spain
821
-18
🇮🇹 Bohemians · Italy
784
-16
SaintJimmy_21
6:24 Loom
14:57 Feudal Age
16:25 Double-Bit Axe
16:31 Man-at-Arms
17:43 Gold Mining
20:15 Horse Collar
23:31 Forging
23:22 Scale Mail Armor
27:11 Castle Age
25:48 Wheelbarrow
29:17 Bow Saw
29:25 Stone Mining
29:42 Heavy Plow
35:46 Imperial Age
jurjur.mobile
7:39 Loom
10:40 Feudal Age
18:35 Castle Age
17:12 Double-Bit Axe
18:02 Gold Mining
18:40 Scale Barding Armor
19:33 Bow Saw
20:16 Forging
21:52 Husbandry
21:58 Loom
23:58 Wheelbarrow
26:10 Hand Cart
26:41 Chain Barding Armor
28:59 Iron Casting
28:40 Stone Mining
29:37 Murder Holes
35:16 Imperial Age
Peppe_04
0:37 Loom
10:56 Feudal Age
18:43 Castle Age
17:18 Double-Bit Axe
18:00 Horse Collar
22:30 Crossbowman
27:59 Heavy Plow
28:11 Bow Saw
27:56 Fletching
28:07 Padded Archer Armor
31:36 Wheelbarrow
31:49 Fervor
32:03 Sanctity
37:46 Imperial Age
35:32 Hand Cart
35:03 Town Watch
34:52 Pikeman
xiscosb
0:30 Loom
Connection lost

Rejoining the realm…

Still unreachable

The connection could not be restored.

Session expired

The server has moved on; the page needs a fresh start.